cohdb
Replays
Latest Replays
All Replays
Popular Replays
Top Player Replays
Match Explorer
How It Works
Community
CoH3 Stats
Reddit
Sign in to upload your games and track your stats! →
Sign in with Steam
Match 43799153
Unlisted
Match 43799153
Overview
Messages
Build Orders
End
Kettenkrad Recon Vehicle
Construct Infanterie Kompanie
Selects Terror Battlegroup
Selects Machine Gun Camouflage
MG 42 Machine Gun Team
MG 42 Machine Gun Team
Grenadier Squad
Grenadier Squad
Construct Luftwaffe Kompanie
Infanterie Officer Quarters
Construct Luftwaffe Kompanie
Medical Bunker
Jäger Squad
Selects Interrogate
Jäger Squad
Luftwaffe Officer Quarters
Selects Defend the Fatherland
Support Elements
Wirbelwind Flakpanzer
Wirbelwind Flakpanzer
AudoBell
xTheMuffinMan
B1t
SkyCurv
0
0
Comments
sign in to comment!
No comments posted yet!